 Dungeon Crawl Stone Soup version 0.31-a0-845-g9abc20d24f (webtiles) character file.

Game seed: 16128639036247277760

712 Kurtz the Cleaver (level 7, -2/46 HPs)
             Began as an Octopode Fighter on Oct 1, 2023.
             Was an Initiate of Gozag.
             Killed from afar by an orc wizard (11 damage)
             ... with a puff of flame
             ... on level 4 of the Dungeon.
             The game lasted 00:02:59 (3508 turns).

Kurtz the Cleaver (Octopode Fighter)                Turns: 3508, Time: 00:03:01

Health: -2/46      AC:  1    Str: 16    XL:     7   Next: 68%
Magic:  7/7        EV: 13    Int: 10    God:    Gozag
Gold:   136        SH:  4    Dex: 13    Spells: 6/6 levels left

rFire   . . .        a - +0 war axe
rCold   . . .        b - +0 buckler
rNeg    . . .        (helmet restricted)
rPois   .            (no amulet)
rElec   .            (no ring)
rCorr   .            (no ring)
SInv    .            (no ring)
Will    .....        (no ring)
Stlth   +++          (no ring)
HPRegen 0.27/turn    (no ring)
MPRegen 0.10/turn    (no ring)
                     (no ring)

%: no passive effects
@: lethally poisoned (-2 -> -14), gold aura
A: almost no armour, amphibious, 8 rings, camouflage 1, gelatinous body 1,
nimble swimmer 1, tentacles
a: Renounce Religion, Potion Petition, Call Merchant, Bribe Branch


You were on level 4 of the Dungeon.
You worshipped Gozag.
Gozag was aware of your devotion.
You visited 2 branches of the dungeon, and saw 5 of its levels.
You also visited: Sewer.

You collected 193 gold pieces.
You paid 57 gold pieces to Gozag.

Inventory:

Hand Weapons
 a - a +0 war axe (weapon)
Missiles
 j - 3 poisoned darts (quivered)
Armour
 b - a +0 buckler (worn)
Scrolls
 d - 3 scrolls of identify
 e - 4 scrolls of enchant weapon
 f - 3 scrolls of blinking {unknown}
 l - a scroll of butterflies {unknown}
 m - a scroll of teleportation {unknown}
 n - a scroll of noise {unknown}
 p - a scroll of poison {unknown}
Potions
 c - 2 potions of might
 g - a potion of heal wounds {unknown}
 h - a potion of lignification {unknown}
 i - 2 potions of invisibility {unknown}
 k - a potion of brilliance {unknown}
 o - 2 potions of curing


   Skills:
 - Level 3.0 Fighting
 * Level 8.5 Axes
 - Level 3.0 Dodging
 - Level 3.0 Shields


You had 6 spell levels left.
You didn't know any spells.
Your spell library was empty.

Dungeon Overview and Level Annotations

Branches:
Dungeon (4/15)             Temple (1/1) D:4           Sewer (visited)

Altars:
Ashenzari
Cheibriados
Dithmenos
Elyvilon
Fedhas
Gozag
Hepliaklqana
Kikubaaqudgha
Makhleb
Okawaru
Ru
Trog
Uskayaw
Vehumet
Wu Jian
Xom
Yredelemnul
Zin
The Shining One

Annotations:
D:1 1 transporter


Innate Abilities, Weirdness & Mutations

You cannot wear most types of armour.
You are amphibious.
You can wear up to eight rings at the same time.
Your skin changes colour to match your surroundings (Stealth+).
Your rubbery body absorbs attacks. (AC +1, EV +1)
You are camouflaged when in or above water. (Stealth+)
You have tentacles for arms and can constrict up to eight enemies at once.


Message History

You kill the adder!
A puff of flame appears from out of thin air!
The puff of flame misses you.
No target in view!
No target in view!
Unknown command.
No target in view!
No target in view!
You enter the deep water.
Something hits you.
You hit something but do no damage.
You hear some strange, mumbled words.
A magic dart appears from out of thin air!
The magic dart hits you!
You completely miss something. Your squeeze misses something.
You hear some strange, mumbled words.
Something tries to affect you, but you resist.
You barely miss something. Something hits you.
You are poisoned.
You closely miss something. Your squeeze misses something.
You feel very sick. Something hits you.
You are lethally poisoned!
It was a potion of curing.
You feel better. Something hits you but does no damage.
You are poisoned.
Unknown command.
You miss something.
You feel very sick. Something hits you.
* * * LOW HITPOINT WARNING * * *
You are lethally poisoned!
Unknown command.
* * * LOW HITPOINT WARNING * * *
You feel very sick.
You hear some strange, mumbled words.
A puff of flame appears from out of thin air!
The puff of flame hits you!
You die...
Your body crumbles into a pile of gold.

. ### #### #. #######..
###...### ##.##.......#
##.......## ...........##
#.........## ............
....≈≈≈....# #......##
...≈≈≈≈≈...#### #........
..≈≈...≈≈.....###......##
..≈≈.>{§@...$..........#
..≈≈...≈≈.....###......#
...≈≈≈≈≈...#### #......#
....≈≈≈....# #......#
#.........## ########
##.......## ###...###
####


There were no monsters in sight!

Vanquished Creatures
  Grinder (D:3)
  An ogre (D:3)
  A kobold brigand (Sewer)
  A scorpion (D:4)
  A hound (D:3)
  A sleepcap (D:4)
  Natasha (D:2)
  A gnoll (D:1)
  4 river rats (Sewer)
  8 adders
  An ufetubus (D:4)
  A dart slug (D:3)
  3 orcs (D:3)
  11 endoplasms
  5 giant cockroaches
  5 goblins
  6 hobgoblins
  8 jackals
  9 kobolds
  6 quokkas
  9 ball pythons
  12 bats
  9 frilled lizards
  9 rats
114 creatures vanquished.

Notes
Turn   | Place    | Note
-------+----------+-------------------------------------------
     0 | D:1      | Kurtz the Octopode Fighter began the quest for the Orb.
     0 | D:1      | Reached XP level 1. HP: 16/16 MP: 1/1
   290 | D:1      | Reached XP level 2. HP: 21/21 MP: 2/2
   400 | D:1      | Reached skill level 3 in Axes
   486 | D:1      | Reached XP level 3. HP: 26/26 MP: 3/3
  1091 | D:2      | Reached skill level 4 in Axes
  1125 | D:2      | Reached XP level 4. HP: 31/31 MP: 4/4
  1417 | D:2      | Noticed Natasha
  1422 | D:2      | Killed Natasha
  1628 | D:3      | Found a faded altar of an unknown god.
  1688 | D:3      | Reached skill level 5 in Axes
  1692 | D:3      | Reached XP level 5. HP: 35/36 MP: 5/5
  1713 | D:3      | Found a glowing drain.
  1717 | Sewer    | Entered a sewer
  1913 | Sewer    | Noticed a kobold brigand
  1917 | Sewer    | Killed a kobold brigand
  1918 | Sewer    | Reached skill level 6 in Axes
  1918 | Sewer    | Reached XP level 6. HP: 42/42 MP: 6/6
  2634 | D:3      | Noticed Grinder
  2640 | D:3      | Paralysed by Grinder for 4 turns
  2649 | D:3      | Killed Grinder
  2650 | D:3      | Reached skill level 7 in Axes
  2650 | D:3      | Reached XP level 7. HP: 19/46 MP: 7/7
  2878 | D:3      | Found a burning altar of Makhleb.
  3033 | D:3      | Reached skill level 8 in Axes
  3264 | D:4      | Found a staircase to the Ecumenical Temple.
  3273 | Temple   | Entered the Ecumenical Temple
  3301 | Temple   | Became a worshipper of Gozag Ym Sagoz the Greedy
  3508 | D:4      | Killed from afar by an orc wizard

Illustrated notes

Levels and vault maps discovered:
D:1:      spicycebolla_arrival_risky_transporter, layout_basic
D:2:      layout_loops_cross, uniq_natasha
D:3:      minmay_bubble_buster, layout_loops_ring, lemuel_crystal_altar,
          hellmonk_ecumenical_altar_arch_garden, gup_sewer_entry_spiral,
          uniq_grinder
D:4:      layout_rooms, tgw_sif, minmay_temple_entry_large_hall,
          hellmonk_ghost_happy_afterlife, uniq_robin
Temple:   mainiacjoe_temple_bowtie_tessellation

Skill      XL: |  1  2  3  4  5  6  7 |
---------------+----------------------+-----
Axes           | 3 4 5 6 7 8 |  8.5
Fighting       | |  3.0
Dodging        | |  3.0
Shields        | |  3.0

Action                     |  1- 3 |  4- 6 |  7- 9 || total
---------------------------+-------+-------+-------++-------
  Melee: War axe           |    63 |   114 |    55 ||   232
         Constrict         |    15 |    24 |    10 ||    49
         Tentacles         |     8 |    20 |    13 ||    41
         Punch             |     1 |     1 |       ||     2
  Throw: Dart              |       |       |     3 ||     3
    Use: Scroll            |       |     3 |       ||     3
         Potion            |       |       |     1 ||     1
   Stab: Sleeping          |     8 |    13 |     4 ||    25
 Armour: Skin              |    20 |    31 |    23 ||    74
  Dodge: Dodged            |    36 |    50 |    26 ||   112
  Block: Buckler           |    19 |    16 |     9 ||    44

Table legend: (Time is in decaauts)
 A = Elapsed time spent in this place.
 B = Non-inter-level travel time spent in this place.
 C = Inter-level travel time spent in this place.
 D = Time resting spent in this place.
 E = Time spent auto-exploring this place.
 F = Levels seen in this place.
 G = Mean time per level.
                   A        B        C        D        E       F      G
               +--------+--------+--------+--------+--------+-----+--------+
         Total |   3569 |   3395 |    174 |    175 |   2397 |   6 |  594.8 |
       Dungeon |   2819 |   2697 |    122 |    137 |   1973 |   4 |  704.8 |
        Temple |     53 |      1 |     52 |      0 |      0 |   1 |   53.0 |
         Sewer |    696 |    696 |      0 |     38 |    424 |   1 |  696.0 |
               +--------+--------+--------+--------+--------+-----+--------+

Top non-repeatable levels by time:
     D:1: 1026 daAuts
     D:3: 956 daAuts
   Sewer: 696 daAuts
     D:2: 596 daAuts
     D:4: 239 daAuts
  Temple: 53 daAuts
